 Dungeon Crawl Stone Soup version 0.23-a0-839-g6d2b917 (console) character file.

39 bli the Skirmisher (level 3, 0/30 HPs)
             Began as a Barachi Fighter on Jan 25, 2019.
             Killed by nerve-wracking pain
             ... invoked by Grinder
              (3 damage)
             ... on level 3 of the Dungeon.
             The game lasted 00:04:52 (1953 turns).

bli the Skirmisher (Barachi Fighter)                Turns: 1953, Time: 00:04:53

Health: 0/30       AC: 10    Str: 22    XL:     3   Next: 47%
Magic:  3/3        EV:  7    Int:  8    God:
Gold:   86         SH:  9    Dex: 12    Spells: 2/2 levels left

rFire    . . .     SeeInvis .   a - +0 long sword
rCold    . . .     Gourm    .   c - +0 shield
rNeg     . . .     Faith    .   u - +0 scale mail
rPois    .         Spirit   .   (no helmet)
rElec    .         Reflect  .   (no cloak)
rCorr    .         Harm     .   (no gloves)
MR       .....                  (no boots)
Stlth    ..........             (no amulet)
HPRegen  0.10/turn              q - +3 ring of protection
MPRegen  0.08/turn              (no ring)

@: mighty, slow
A: +LOS, swims, slowness 1, strong legs 1
a: Hop


You were on level 3 of the Dungeon.
You were not hungry.

You visited 1 branch of the dungeon, and saw 3 of its levels.

You collected 86 gold pieces.

Inventory:

Hand Weapons
 a - a +0 long sword (weapon)
 b - a +0 dagger of venom
 p - a +0 rapier
 v - a +0 hunting sling
Missiles
 h - 78 stones (quivered)
 i - 30 sling bullets
 s - 10 poisoned needles
Armour
 c - a +0 shield (worn)
 u - a +0 scale mail (worn)
Jewellery
 q - a +3 ring of protection (left hand)
Scrolls
 k - 2 scrolls of remove curse
 o - 2 scrolls of identify {unknown}
 r - a scroll of amnesia {unknown}
 w - a scroll of magic mapping {unknown}
Potions
 d - a potion of might
 e - a potion of cancellation {unknown}
 g - a potion of curing {unknown}
 j - a potion of haste {unknown}
 l - a potion of brilliance {unknown}
 m - a potion of resistance {unknown}
 n - a potion of agility {unknown}
Comestibles
 f - 3 rations
 t - a chunk of flesh


   Skills:
 - Level 4.0 Fighting
 * Level 3.5 Long Blades
 - Level 4.0 Armour
 * Level 3.6 Shields


You had 2 spell levels left.
You didn't know any spells.
Your spell library was empty.

Dungeon Overview and Level Annotations

Branches:
Dungeon (3/15)

Altars:

Annotations:
D:3 Grinder


Innate Abilities, Weirdness & Mutations

Shadows flee at your approach. (+LOS)
You can swim through water.
You cover ground slowly.
You can hop short distances.


Message History

Grinder barely misses you. Grinder gestures at you.
You resist with significant effort.
You barely miss Grinder.
Grinder is heavily wounded.
Grinder gestures at you. Pain shoots through your body!
* * * LOW HITPOINT WARNING * * *
You hit Grinder.
Grinder is heavily wounded.
Grinder hits you but does no damage.
You feel very mighty all of a sudden. Grinder gestures at you.
You resist with significant effort.
You slash Grinder!
Grinder is almost dead.
You block Grinder's attack. Grinder gestures at you.
Pain shoots through your body!
You die...

# .# ## #. .? .. #. #.
########## ## #.###.
#..<.....# #. ...#
##.######.#
#.##.##.#####.###.##.#
#<.............@5.##.#
........#####.######.#
#####.#.#####.######.#
# #..............#
#.########.##### #(
#.# #( #.# #. #.# #.
#.# #.# #.#


You could see Grinder.

Vanquished Creatures
  2 worms
  2 dart slugs (D:1)
  3 hobgoblins (D:1)
  2 bats
  7 frilled lizards
  9 goblins
  3 kobolds
  4 rats (D:1)
32 creatures vanquished.

Notes
Turn   | Place    | Note
-------+----------+-------------------------------------------
     0 | D:1      | bli the Barachi Fighter began the quest for the Orb.
     0 | D:1      | Reached XP level 1. HP: 18/18 MP: 1/1
    80 | D:1      | Reached XP level 2. HP: 25/25 MP: 2/2
   811 | D:2      | Reached XP level 3. HP: 30/30 MP: 3/3
  1927 | D:3      | Noticed Grinder
  1953 | D:3      | Killed from afar by Grinder

Vault maps used:
D:1:      dpeg_arrival_pits, minmay_misc_feat_tower
D:3:      uniq_grinder

Skill      XL: |  1  2 |
---------------+-------+-----
Fighting       | 4 |  4.0
Armour         | 4 |  4.0
Long Blades    | 3 |  3.5
Shields        | |  3.6

Action                   || total
-------------------------++-------
Melee: Long sword        ||   122
       Dagger            ||     2
Throw: Stone             ||     7
  Use: Scroll            ||     1
       Potion            ||     1
  Eat: Chunk             ||     4
Armor: Scale mail        ||    64
Dodge: Dodged            ||    40
Block: Shield            ||    54
       Rpst.: Long sword ||     8

Table legend:
 A = Non-vault XP
 B = Vault XP
 C = Vault XP percentage of total XP
 D = Non-vault monster count
 E = Vault monster count
 F = Vault count percentage of total count
                 A         B        C        D         E       F
            +---------+---------+-------+---------+---------+-------
      Total |      57 |       0 |   0.0 |      32 |       0 |   0.0
            +---------+---------+-------+---------+---------+-------
        D:1 |      32 |       0 |   0.0 |      21 |       0 |   0.0
        D:2 |      18 |       0 |   0.0 |       9 |       0 |   0.0
        D:3 |       7 |       0 |   0.0 |       2 |       0 |   0.0
            +---------+---------+-------+---------+---------+-------
